 Dungeon Crawl Stone Soup version 0.19.1-1-g22dce08 (webtiles) character file.

2098 kae the Cleaver (level 9, -3/81 HPs)
             Began as a Hill Orc Fighter on Jan 1, 2017.
             Was a Follower of Beogh.
             Slain by a troll (5 damage)
             ... on level 6 of the Dungeon.
             The game lasted 00:09:46 (5350 turns).

kae the Cleaver (Hill Orc Fighter)                  Turns: 5350, Time: 00:09:47

Health: -3/81      AC: 13    Str: 22    XL:     9   Next: 28%
Magic:  10/10      EV:  7    Int:  8    God:    Beogh [*.....]
Gold:   232        SH:  9    Dex: 10    Spells: 0 memorised, 8 levels left

rFire  + . .     SeeInvis +     a - +0 war axe
rCold  . . .     Gourm    .     b - +0 scale mail
rNeg   . . .     Faith    .     c - +0 shield
rPois  .         Spirit   .     d - +1 helmet
rElec  .         Reflect  .     o - +0 cloak
rCorr  .         Harm     .     (no gloves)
MR     .....                    A - +0 pair of boots
Stlth  ..........               (no amulet)
                                y - ring of see invisible
                                q - ring of protection from fire

@: no status effects
A: no striking features
a: Renounce Religion


You were on level 6 of the Dungeon.
You worshipped Beogh.
Beogh was aware of your devotion.
You were hungry.

You visited 1 branch of the dungeon, and saw 7 of its levels.

You collected 342 gold pieces.
You spent 110 gold pieces at shops.

Inventory:

Hand Weapons
 a - a +0 war axe (weapon)
Missiles
 i - 11 tomahawks
 r - 11 poisoned tomahawks (quivered)
Armour
 b - a +0 scale mail (worn)
 c - a +0 shield (worn)
 d - a +1 helmet (worn)
 o - a +0 cloak (worn)
 A - a +0 pair of boots (worn)
Jewellery
 q - a ring of protection from fire (left hand)
 y - a ring of see invisible (right hand)
 B - a cursed -6 ring of intelligence
Wands
 g - a wand of flame (22/48)
 x - a wand of acid (4/15)
Scrolls
 e - 5 scrolls of identify
 k - 2 scrolls of fog
 l - 7 scrolls of remove curse
 n - 3 scrolls of amnesia
 p - 3 scrolls of teleportation
 t - a scroll of magic mapping
 u - a scroll of enchant weapon
Potions
 m - a potion of heal wounds
 s - a potion of flight
 v - 2 potions of mutation
 w - a potion of curing
 z - a potion of agility
Comestibles
 f - 5 bread rations
 h - 5 meat rations
 j - 3 beef jerkies


   Skills:
 + Level 7.9 Fighting
 * Level 10.8 Axes
 + Level 7.4 Armour
 - Level 3.4 Shields
 + Level 2.5 Invocations


You had 8 spell levels left.
You didn't know any spells.

Dungeon Overview and Level Annotations

Branches:
Dungeon (7/15)
 Temple: D:4-7

Altars:
Dithmenos
Fedhas
Hepliaklqana
Qazlal
Zin

Shops:
D:6 ?   D:7 =


Message History

The troll is severely wounded.
The troll bites you but does no damage. You block the troll's attack.
The troll claws you but does no damage.
You feel much better. The troll bites you. The troll claws you.
* * * LOW HITPOINT WARNING * * *
You block the troll's attack.
You barely miss the troll.
The troll is severely wounded.
The troll bites you but does no damage. The troll barely misses you. x2
The troll bites you!
* * * LOW HITPOINT WARNING * * *
The troll claws you.
* * * LOW HITPOINT WARNING * * *
You block the troll's attack.
You closely miss the troll.
The troll is severely wounded.
The troll bites you!
* * * LOW HITPOINT WARNING * * *
The troll claws you.
You die...

####.# #.....
#.# ##....
#.#### ###...
#....# ##...##
####.# #..####
###.# #.## #
#...# ##.# #
###'#.#####..#
#
#@#∩#.......##
#
#T###......##
#.>........#
#..........#
#..........#
############


You could see a troll.

Vanquished Creatures
  The ghost of flopdemafkees the Poker, an amateur MfSk (D:3)
  Sigmund (D:3)
  A wyvern (D:4)
  The ghost of Slime the Changer, an amateur DrTm (D:4)
  An ice beast (D:5)
  An orc warrior (D:5)
  Purgy (D:4)
  A black bear (D:6)
  A phantom (D:5)
  A sky beast (D:6)
  An ogre (D:4)
  A centaur (D:6)
  A water moccasin zombie (D:7)
  A howler monkey (D:6)
  A crimson imp (D:5)
  A bullfrog zombie (D:5)
  Crazy Yiuf (D:3)
  4 orc wizards
  2 iguanas
  4 worker ants
  A hound zombie (D:6)
  A howler monkey zombie (D:5)
  Robin (D:2)
  3 gnolls (D:6)
  13 adders
  2 oozes
  3 worms
  A dart slug (D:2)
  3 leopard geckos
  15 orcs
  5 giant cockroaches
  17 goblins
  9 hobgoblins
  6 jackals
  10 kobolds
  2 quokkas
  8 bats
  6 frilled lizards
  10 rats
143 creatures vanquished.

Vanquished Creatures (others)
  An orc priest (D:4)
  A gnoll (D:6)
  An orc (D:6)
3 creatures vanquished.

Grand Total: 146 creatures vanquished

Notes
Turn   | Place    | Note
-------+----------+-------------------------------------------
     0 | D:1      | kae the Hill Orc Fighter began the quest for the Orb.
     0 | D:1      | Reached XP level 1. HP: 19/19 MP: 1/1
    71 | D:1      | Reached skill level 3 in Axes
    71 | D:1      | Reached XP level 2. HP: 23/27 MP: 2/2
   498 | D:2      | Reached XP level 3. HP: 27/33 MP: 3/3
   601 | D:2      | Noticed Robin
   622 | D:2      | Killed Robin
   622 | D:2      | Reached XP level 4. HP: 3/40 MP: 4/4
   952 | D:2      | Reached skill level 4 in Axes
  1796 | D:3      | Noticed flopdemafkees's ghost (amateur MfSk)
  1826 | D:3      | Killed flopdemafkees's ghost
  1826 | D:3      | Reached skill level 5 in Fighting
  1826 | D:3      | Reached skill level 5 in Axes
  1826 | D:3      | Reached XP level 5. HP: 32/48 MP: 5/5
  1826 | D:3      | Reached XP level 6. HP: 38/56 MP: 6/6
  1971 | D:3      | Found a hazy altar of Hepliaklqana.
  1998 | D:3      | Noticed Sigmund
  2001 | D:3      | Reached skill level 5 in Armour
  2004 | D:3      | Killed Sigmund
  2004 | D:3      | Reached skill level 6 in Axes
  2004 | D:3      | Reached XP level 7. HP: 48/61 MP: 7/7
  2138 | D:3      | Found a stormy altar of Qazlal.
  2177 | D:3      | Found a runed door.
  2460 | D:3      | Noticed Crazy Yiuf
  2466 | D:3      | Killed Crazy Yiuf
  2544 | D:4      | Reached skill level 7 in Axes
  2548 | D:4      | Became a worshipper of Beogh the Brigand
  2709 | D:4      | Noticed Slime's ghost (amateur DrTm)
  2852 | D:4      | Killed Slime's ghost
  2957 | D:4      | Noticed a wyvern
  2970 | D:4      | Killed a wyvern
  2970 | D:4      | Reached skill level 8 in Axes
  2970 | D:4      | Reached XP level 8. HP: 30/71 MP: 8/8
  3319 | D:4      | Noticed Purgy
  3334 | D:4      | Killed Purgy
  3477 | D:4      | Found a glowing silver altar of Zin.
  3482 | D:4      | Found a blossoming altar of Fedhas.
  3821 | D:5      | Entered Level 5 of the Dungeon
  3842 | D:5      | Found a shadowy altar of Dithmenos.
  3939 | D:5      | Reached skill level 9 in Axes
  4446 | D:5      | Reached skill level 10 in Axes
  4732 | D:6      | Reached * piety under Beogh
  4739 | D:6      | Reached skill level 1 in Invocations
  4739 | D:6      | Reached XP level 9. HP: 48/79 MP: 9/9
  5049 | D:6      | Found Meomuor's Magic Scroll Shop.
  5057 | D:6      | Bought a scroll of enchant weapon for 90 gold pieces
  5269 | D:7      | Found Dotaozun's Jewellery Shop.
  5287 | D:7      | Bought a cursed -6 ring of intelligence for 20 gold pieces
  5310 | D:7      | Noticed a troll
  5312 | D:7      | Noticed a skeletal warrior
  5350 | D:6      | HP: 2/81 [troll (7)]
  5350 | D:6      | Slain by a troll

Skill      XL: |  1  2  3  4  5  6  7  8  9 |
---------------+----------------------------+-----
Axes           | 3 5 6 8 10 | 10.8
Fighting       | 4 5 6 7 |  7.9
Armour         | 4 5 7 |  7.4
Invocations    | 1 2 |  2.5
Shields        | |  3.4

Action                   |  1- 3 |  4- 6 |  7- 9 || total
-------------------------+-------+-------+-------++-------
Melee: War axe           |   100 |   109 |   297 ||   506
Invok: Convert to Beogh  |       |       |     1 ||     1
  Use: Potion            |     1 |     3 |     2 ||     6
       Scroll            |       |       |    16 ||    16
 Stab: Invisible         |       |       |     9 ||     9
  Eat: Chunk             |       |     4 |    11 ||    15
Armor: Scale mail        |    44 |    39 |   138 ||   221
Dodge: Dodged            |    31 |    26 |    86 ||   143
Block: Shield            |    57 |    48 |   153 ||   258
